Map: Catalyst LE

Players

CHoke

  • Race: Terran Terran
  • League: Gold
  • Spawn Location: 5:00

Infamous - Winner!

  • Race: Protoss Protoss
  • League: Silver
  • Spawn Location: 11:00

VOD

Have the link to the VOD?

Description

Time

  • Played on: April 5, 2018, 4:09 p.m.
  • Length: 7:56
Show
View Real Time Build Order
Export as new Build Order

CHoke Terran 

Build Orders:  

Get SALT Encoding   

  12  0:01  SCV  
  13  0:13  SCV  
  14  0:18  Supply Depot  
  14  0:25  SCV  
  15  0:30  Refinery  
  15  0:45  Barracks  
  15  0:48  SCV  
  16  1:00  SCV  
  17  1:12  SCV  
  18  1:32  Orbital Command  
  18  1:34  Barracks Reactor  
  18  1:57  Command Center  
  18  2:08  Supply Depot  
  18  2:11  Marine x2  
  20  2:17  SCV  
  21  2:29  Factory  
  22  2:30  SCV  
  22  2:38  Barracks  
  22  2:44  Marine x2  
  22  2:46  SCV  
  25  2:55  Refinery  
  25  2:58  SCV  
  26  3:06  Marine x2  
  26  3:10  SCV  
  28  3:14  Orbital Command  
  28  3:17  Factory Tech Lab  
  28  3:23  Bunker  
  28  3:33  Supply Depot  
  28  3:35  Barracks Tech Lab  
  28  3:36  Marine x2  
  28  3:39  SCV  
  31  3:45  SCV  
  32  3:51  SCV  
  33  3:56  Supply Depot  
  33  3:58  SCV  
  33  4:00  Siege Tank  
  37  4:03  Supply Depot  
  37  4:07  Marine  
  37  4:14  Marine x2  
  39  4:17  SCV x2  
  41  4:25  Marine  
  42  4:32  Starport  
  42  4:35  Marauder  
  44  5:00  SCV  
  44  5:01  SCV  
  44  5:06  Engineering Bay  
  46  5:07  Engineering Bay  
  46  5:11  Marauder  
  46  5:12  Marine  
  46  5:13  Marine, SCV x2  
  52  5:16  Medivac  
  54  5:25  SCV  
  55  5:30  Marine x2  
  55  5:33  Marauder, Terran Infantry Weapons Level 1  
  55  5:34  Terran Infantry Armor Level 1  
  59  5:36  Stimpack  
  59  5:43  SCV x2  
  59  5:45  Missile Turret  
  61  5:55  Marine x2  
  61  5:56  Marauder  
  65  6:07  Missile Turret  
  65  6:08  Siege Tank  
  68  6:13  Marine x2  
  70  6:19  Starport Reactor  
  70  6:26  Supply Depot  
  70  6:30  Missile Turret  
  70  6:47  Marine x3  
  70  6:48  Supply Depot  
  54  7:05  Marine x2  
  54  7:06  Marauder  
  58  7:16  Barracks  
  58  7:18  Barracks x2  
  58  7:19  Siege Tank  
  61  7:23  Marine x2  
  61  7:27  Marauder  
  65  7:35  Command Center  
Show
View Real Time Build Order
Export as new Build Order

Infamous Protoss - Winner!

Build Orders:  

Get SALT Encoding   

  12  0:01  Probe  
  13  0:14  Probe  
  14  0:18  Pylon  
  14  0:29  Probe  
  15  0:37  Gateway  
  15  0:41  Probe (Chrono Boost)  
  16  0:53  Probe (Chrono Boost)  
  16  0:56  Assimilator  
  17  1:01  Probe (Chrono Boost)  
  18  1:10  Probe (Chrono Boost)  
  18  1:11  Gateway  
  19  1:16  Probe (Chrono Boost)  
  20  1:24  Cybernetics Core  
  20  1:25  Probe  
  21  1:38  Probe  
  22  1:42  Assimilator  
  22  1:50  Probe  
  23  1:59  Pylon  
  23  2:00  Warp Gate  
  23  2:15  Stalker (Chrono Boost)  
  23  2:17  Probe  
  27  2:24  Stalker (Chrono Boost)  
  27  2:29  Probe  
  28  2:33  Robotics Facility  
  28  2:41  Probe, Stalker  
  31  2:59  Pylon  
  31  3:10  Pylon  
  31  3:15  Stalker (Chrono Boost)  
  31  3:17  Probe  
  34  3:22  Observer  
  35  3:29  Probe  
  36  3:40  Nexus  
  36  3:41  Probe  
  37  3:53  Probe  
  38  4:05  Probe  
  39  4:16  Immortal  
  43  4:17  Probe  
  44  4:30  Gateway  
  42  5:01  Probe x2, Gateway  
  42  5:05  Gateway  
  44  5:09  Immortal (Chrono Boost)  
  44  5:13  Probe  
  49  5:23  Robotics Bay  
  49  5:24  Probe, Pylon  
  50  5:39  Probe (Chrono Boost)  
  50  5:41  Probe (Chrono Boost)  
  52  5:46  Pylon  
  52  5:48  Immortal (Chrono Boost)  
  55  5:57  Sentry x2  
  55  5:58  Sentry  
  61  6:06  Probe x2  
  61  6:11  Extended Thermal Lance  
  63  6:14  Observer (Chrono Boost)  
  63  6:15  Pylon  
  63  6:18  Probe  
  65  6:19  Assimilator  
  65  6:22  Assimilator, Zealot x5  
  65  6:55  Stalker x3  
  65  6:56  Stalker x2  
  75  7:06  Probe x2  
  83  7:15  Forge  
  83  7:16  Forge  
  83  7:28  Pylon  
  83  7:30  Pylon  
  83  7:31  Gateway  
  83  7:33  Pylon  
Tags
 
Matchup
PvT
Replay Pack
Last Remnant (2)
Spawn Locations
Cross Positions
Add a new tag
Caveats
  • Supply blocks, unpowered buildings, or Contaminate may cause inaccurate times.
  • Supply counts are checked every 10 seconds.